 Dungeon Crawl Stone Soup version 0.31-a0-656-gb4d89c20fa (webtiles) character file.

Game seed: 1185836557009732784

38525 arthad the Fighter (level 14, -1/94 HPs)
             Began as a Gargoyle Fighter on Aug 30, 2023.
             Was an Elder of Qazlal.
             Killed by divine providence
             ... invoked by a smoke demon
              (7 damage)
             ... on level 2 of the Abyss.
             The game lasted 00:34:40 (13059 turns).

arthad the Fighter (Gargoyle Fighter)              Turns: 13059, Time: 00:34:40

Health: -1/94      AC: 35    Str: 25    XL:     14   Next: 2%
Magic:  0/23       EV:  4    Int:  9    God:    Qazlal [****..]
Gold:   808        SH: 16    Dex:  9    Spells: 13/13 levels left

rFire   . . .        l - +2 hammer of the Gibberer {heavy, *Noise rPois rC+++ rN+}
rCold   + + +        W - +0 kite shield
rNeg    + + .        D - +0 crystal plate armour
rPois   ∞            L - +0 helmet
rElec   +            v - +0 cloak
rCorr   .            R - +0 pair of gloves
SInv    +            (no boots)
Will    +....        X - amulet of guardian spirit Stlth
                     j - +4 ring of slaying
HPRegen 0.35/turn    S - ring of see invisible
MPRegen 0.18/turn

%: repel missiles, guardian spirit
@: flying
A: sickness immunity, AC +10, big wings, negative energy resistance 1,
electricity resistance, torment resistance 1, petrification resistance
a: Renounce Religion, Upheaval, Elemental Force


You were on level 2 of the Abyss.
You worshipped Qazlal.
Qazlal was greatly pleased with you.
You visited 2 branches of the dungeon, and saw 14 of its levels.
You visited the Abyss 1 time.
You also visited: Gauntlet.

You collected 808 gold pieces.

Inventory:

Hand Weapons
 a - a +0 flail
 g - a +1 broad axe
 l - the +2 hammer of the Gibberer (weapon) {heavy, *Noise rPois rC+++ rN+}
   (You found it on level 2 of the Dungeon)

   rC+++:     It renders you almost immune to cold.
   rPois:     It protects you from poison rN+: It protects you from negative
   energy.
   *Noise:    It may make a loud noise when swung.
 u - a +3 quarterstaff of chaos
Missiles
 m - 10 javelins (quivered)
 H - 9 boomerangs
 J - 15 poisoned darts
 K - 4 curare-tipped darts
Armour
 c - a +0 buckler
 n - +0 steam dragon scales
 v - a +0 cloak (worn)
 x - a +0 troll leather armour {Pargi}
 D - a +0 crystal plate armour (worn)
 L - a +0 helmet (worn)
 R - a +0 pair of gloves (worn)
 W - a +0 kite shield (worn)
Jewellery
 d - the ring "Foskuph" {rN+ Str+3 Int+6 Dex+2 Stlth-}
   (You took it off a minotaur in a Gauntlet)

   [ring of intelligence]

   Str+3:     It affects your strength (+3).
   Int+6:     It affects your intelligence (+6).
   Dex+2:     It affects your dexterity (+2).
   rN+:       It protects you from negative energy.
   Stlth-:    It makes you less stealthy.
 h - a ring of ice
 j - a +4 ring of slaying (left hand)
 z - an amulet of faith
 M - a ring of wizardry
 S - a ring of see invisible (right hand)
 X - an amulet of guardian spirit (around neck)
 Z - a ring of flight
Talismans
 b - a talisman of death
Wands
 w - a wand of mindburst (4)
 A - a wand of roots (6)
 C - a wand of flame (40)
 G - a wand of paralysis (24)
Scrolls
 e - 3 scrolls of fog
 f - 3 scrolls of enchant armour
 i - 6 scrolls of teleportation
 o - a scroll of amnesia
 p - 2 scrolls of noise
 r - 2 scrolls of fear
 s - 4 scrolls of brand weapon
 y - 2 scrolls of blinking
 B - 2 scrolls of enchant weapon
 I - a scroll of revelation
 Q - a scroll of immolation {unknown}
 U - a scroll of vulnerability {unknown}
Potions
 k - 3 potions of brilliance
 q - 4 potions of curing
 t - a potion of cancellation
 E - a potion of mutation
 F - 2 potions of berserk rage
 O - a potion of lignification
 T - 2 potions of haste
 V - 2 potions of resistance
Miscellaneous
 Y - a box of beasts


   Skills:
 * Level 13.5 Fighting
 * Level 12.3 Maces & Flails
 + Level 10.3 Armour
 + Level 10.0 Shields
 * Level 12.6 Invocations


You had 13 spell levels left.
You didn't know any spells.
Your spell library contained the following spells:

 Spells                   Type           Power      Damage    Failure   Level
 Apportation              Tloc           0%         N/A       100%        1
 Shock                    Conj/Air       0%         1d3       100%        1
 Summon Small Mammal      Summ           0%         N/A       100%        1
 Blink                    Tloc           0%         N/A       100%        2
 Call Imp                 Summ           0%         N/A       100%        2
 Ensorcelled Hibernation  Hex/Ice        0%         N/A       100%        2
 Passwall                 Tmut/Erth      0%         N/A       100%        2
 Inner Flame              Hex/Fire       0%         N/A       100%        3
 Portal Projectile        Hex/Tloc       0%         N/A       100%        3
 Swiftness                Air            0%         N/A       100%        3
 Tukima's Dance           Hex            0%         N/A       100%        3
 Airstrike                Air            0%         2d(0-16)  100%        4
 Animate Armour           Summ/Erth      0%         N/A       100%        4
 Flame Wave               Conj/Fire      0%         2d4       100%        4
 Iskenderun's Mystic Bla  Conj/Tloc      0%         2d3       100%        4
 Manifold Assault         Tloc           0%         N/A       100%        4
 Vhi's Electric Charge    Tloc/Air       0%         N/A       100%        4
 Arcjolt                  Conj/Air       0%         1d10      100%        5
 Yara's Violent Unravell  Hex/Tmut       0%         3d3       100%        5
 Dispersal                Tloc           0%         N/A       100%        6
 Plasma Beam              Fire/Air       0%         2x1d10    100%        6
 Starburst                Conj/Fire      0%         6d3       100%        6
 Summon Cactus Giant      Summ           0%         N/A       100%        6
 Enfeeble                 Hex            0%         N/A       100%        7
 Haunt                    Necr/Summ      0%         N/A       100%        7
 Disjunction              Tloc           0%         N/A       100%        8


Dungeon Overview and Level Annotations

Branches:
Dungeon (13/15)            Temple (1/1) D:4            Lair (0/5) D:10
    Orc (0/2) D:11        Gauntlet (visited)
 Vaults: D:13-14

Altars:
Ashenzari
Cheibriados
Dithmenos
Elyvilon
Fedhas
Gozag
Hepliaklqana
Kikubaaqudgha
Makhleb
Nemelex Xobeh
Okawaru
Qazlal
Ru
Sif Muna
Trog
Uskayaw
Vehumet
Wu Jian
Xom
Yredelemnul
Zin
The Shining One

Shops:
D:1 *   D:5 *   D:6 ?   D:8 (   D:10 *

Annotations:
D:10 2 runed translucent doors, Age's ghost, novice MiFi
D:11 Snorg


Innate Abilities, Weirdness & Mutations

You are immune to sickness and miasma.
Your stone body is resilient. (AC +10)
You are immune to poison.
Your large and strong wings let you fly.
You resist negative energy. (rN+)
You are resistant to electric shocks. (rElec)
You are resistant to unholy torment.
You are immune to petrification.


Message History

The great orb of eyes bites you.
The smoke demon hits you but does no damage. x3
The shadow hits you. The great orb of eyes bites you!
* * * LOW HITPOINT WARNING * * *
You bludgeon the great orb of eyes!!
The great orb of eyes is almost dead.
You hear a loud, deep croak!
You hear a croak.
You hear a bellow!
The smoke demon hits you but does no damage. x2
The smoke demon barely misses you.
A large abomination comes into view.
The blink frog blinks!
You block the shadow's attack. The great orb of eyes bites you!
* * * LOW HITPOINT WARNING * * *
You block the smoke demon's attack.
The smoke demon hits you but does no damage.
The smoke demon barely misses you.
You hear a loud, deep croak!
You barely miss the great orb of eyes.
The great orb of eyes is almost dead.
You hear a croak.
You block the blink frog's attack.
A blink frog comes into view.
The shadow hits you.
The great orb of eyes bites you but does no damage.
The blink frog is engulfed in a thunderstorm.
You block the blink frog's attack. You block the smoke demon's attack.
The smoke demon hits you but does no damage.
The smoke demon hits you.
* * * LOW HITPOINT WARNING * * *
You bludgeon the great orb of eyes!!
You kill the great orb of eyes!
Qazlal accepts your kill.
A blink frog comes into view.
The blink frog is engulfed in a thunderstorm.
You kill the blink frog!
Qazlal accepts your kill. You block the shadow's attack.
The smoke demon gestures at you. Something smites you!
You die...

#. .# ..
# ##Z#.
#######
....
#....☼.
..#
#..°§#W#
#X.@.#
####3#
###F.#
##..##
#. # . .
#.. #.


You could see a large abomination, a smoke demon, a blink frog, a shadow and a
dire elephant simulacrum.

Vanquished Creatures
  A bone dragon (Abyss:2)
  A tentacled starspawn (Abyss:2)
  A minotaur (Gauntlet)
  Josephine (D:11)
  2 great orbs of eyes
  A hydra (D:8)
  2 catoblepae
  5 centaur warriors
  2 boulder beetles (D:13)
  2 tengu warriors
  A thrashing horror (Abyss:2)
  A two-headed ogre (D:12)
  Sonja (D:11)
  4 skeletal warriors
  2 large abominations (Abyss:2)
  A fenstrider witch simulacrum (Abyss:2)
  3 deep elf pyromancers
  5 ugly things
  3 cyclopes
  An ice statue (Gauntlet)
  A manticore (D:11)
  2 worldbinders (Abyss:2)
  2 smoke demons (Abyss:2)
  A molten gargoyle (Gauntlet)
  Maggie (D:6)
  A gargoyle (Gauntlet)
  A rime drake (Gauntlet)
  An unseen horror (D:10)
  3 tengu conjurers
  An ice devil (Abyss:2)
  An ancient zyme (Abyss:2)
  A troll (D:12)
  A hornet (D:10)
  A blink frog (Abyss:2)
  Sigmund (D:2)
  A slime creature (D:11)
  3 shadows
  A wyvern (D:8)
  3 small abominations (Abyss:2)
  7 wraiths
  Grum (D:11)
  23 yaks
  A vampire (D:11)
  2 vampire mosquitoes (D:10)
  4 steam dragons
  An acid dragon (D:11)
  4 water moccasins
  11 orc warriors
  Pargi (D:3)
  An ice beast (D:8)
  A sky beast (D:7)
  A black bear (D:8)
  4 wolves (D:11)
  3 ogres
  A centaur (D:10)
  4 kobold brigands (D:8)
  2 gnoll sergeants
  3 bullfrogs
  2 scorpions
  9 wights
  12 killer bees
  4 howler monkeys
  2 hounds (D:6)
  2 gnoll boudas (D:8)
  17 orc priests
  Crazy Yiuf (D:2)
  4 iguanas
  Terence (D:2)
  Ijyb (D:3)
  16 orc wizards
  7 gnolls
  13 adders
  A white imp (D:5)
  An ufetubus (Abyss:2)
  3 worms
  2 dart slugs
  71 orcs
  8 ball pythons
  9 endoplasms
  2 giant cockroaches (D:1)
  8 goblins
  5 hobgoblins
  2 jackals (D:3)
  4 quokkas
  8 bats
  3 frilled lizards
  9 kobolds
  5 rats
374 creatures vanquished.

Vanquished Creatures (others)
  4 starspawn tentacles (Abyss:2)
4 creatures vanquished.

Grand Total: 378 creatures vanquished

Notes
Turn   | Place    | Note
-------+----------+-------------------------------------------
     0 | D:1      | arthad the Gargoyle Fighter began the quest for the Orb.
     0 | D:1      | Reached XP level 1. HP: 14/14 MP: 1/1
   157 | D:1      | Reached XP level 2. HP: 19/19 MP: 2/2
   439 | D:1      | Found Koniruk's General Store.
   627 | D:1      | Found a faded altar of an unknown god.
   695 | D:2      | Reached XP level 3. HP: 20/23 MP: 3/3
   718 | D:2      | Identified the +2 hammer of the Gibberer {heavy, *Noise
                  | rPois rC+++ rN+}
   724 | D:2      | Found a runed translucent door.
   725 | D:2      | Noticed Crazy Yiuf
   908 | D:2      | Noticed Terence
   914 | D:2      | Killed Terence
   915 | D:2      | Reached XP level 4. HP: 22/29 MP: 4/4
   922 | D:2      | Reached skill level 4 in Fighting
  1143 | D:2      | Reached XP level 5. HP: 27/33 MP: 5/5
  1348 | D:2      | Noticed Sigmund
  1378 | D:2      | Killed Sigmund
  1379 | D:2      | Reached XP level 6. HP: 32/40 MP: 6/6
  1415 | D:2      | You fall into a shaft and drop 2 floors!
  1425 | D:4      | Found a staircase to the Ecumenical Temple.
  1439 | Temple   | Found a transporter.
  1439 | Temple   | Found a transporter.
  1439 | Temple   | Found a transporter.
  1439 | Temple   | Found a transporter.
  1439 | Temple   | Entered the Ecumenical Temple
  1455 | Temple   | Became a worshipper of Qazlal Stormbringer
  1538 | D:4      | Reached skill level 5 in Fighting
  1574 | D:4      | Reached skill level 1 in Invocations
  1729 | D:4      | Found a snail-covered altar of Cheibriados.
  1938 | D:2      | Killed Crazy Yiuf
  1939 | D:2      | Reached XP level 7. HP: 36/44 MP: 6/8
  2018 | D:3      | Noticed Ijyb
  2088 | D:3      | Killed Ijyb
  2184 | D:3      | Noticed Pargi
  2187 | D:3      | Killed Pargi
  2286 | D:3      | Reached * piety under Qazlal
  2755 | D:3      | Found a radiant altar of Vehumet.
  2954 | D:4      | Found a white marble altar of Elyvilon.
  3165 | D:4      | Reached skill level 5 in Armour
  3322 | D:5      | Entered Level 5 of the Dungeon
  3542 | D:5      | Reached skill level 5 in Maces & Flails
  3545 | D:5      | Reached XP level 8. HP: 45/51 MP: 10/10
  3547 | D:5      | Reached skill level 5 in Shields
  3551 | D:5      | Reached ** piety under Qazlal
  3553 | D:5      | Reached skill level 6 in Fighting
  4117 | D:5      | Found Iwkerch's General Store.
  4299 | D:6      | Found a blossoming altar of Fedhas.
  4544 | D:6      | Noticed Maggie
  4556 | D:6      | Killed Maggie
  4583 | D:6      | Found an ancient bone altar of Kikubaaqudgha.
  4643 | D:6      | Reached skill level 7 in Fighting
  4643 | D:6      | Reached XP level 9. HP: 36/57 MP: 12/12
  4789 | D:6      | Found a hazy altar of Hepliaklqana.
  4808 | D:6      | Reached skill level 5 in Invocations
  4944 | D:6      | Found The Oracle's Delphic Readings.
  4995 | D:6      | Found a broken altar of Ashenzari.
  5051 | D:6      | Found a glowing silver altar of Zin.
  5145 | D:6      | Found a sacrificial altar of Ru.
  5522 | D:7      | Found a runed translucent door.
  5735 | D:8      | Noticed an eight-headed hydra
  5739 | D:8      | Killed an eight-headed hydra
  5739 | D:8      | Noticed a deep elf pyromancer
  5740 | D:8      | Reached skill level 8 in Fighting
  5741 | D:8      | Noticed a deep elf pyromancer
  5744 | D:8      | Reached XP level 10. HP: 46/64 MP: 8/14
  5760 | D:8      | Killed a deep elf pyromancer
  5766 | D:8      | Killed a deep elf pyromancer
  5951 | D:8      | Reached skill level 9 in Fighting
  6052 | D:8      | Reached *** piety under Qazlal
  6525 | D:8      | Found Ziurys's Weapon Shop.
  6879 | D:8      | Found an iron altar of Okawaru.
  7135 | D:8      | Reached XP level 11. HP: 65/72 MP: 17/17
  7313 | D:9      | Reached **** piety under Qazlal
  7353 | D:9      | Found a hide-covered altar of Uskayaw.
  7353 | D:9      | Noticed a +0 short sword
  7353 | D:9      | Noticed a +0 spear
  7353 | D:9      | Noticed a +0 short sword
  7354 | D:9      | Noticed a +0 spear
  7354 | D:9      | Noticed a +0 dagger
  7355 | D:9      | Noticed a +0 falchion
  7356 | D:9      | Noticed a +0 falchion
  7357 | D:9      | Noticed a +0 dagger
  7384 | D:9      | Reached skill level 10 in Fighting
  7720 | D:10     | Entered Level 10 of the Dungeon
  7720 | D:10     | Found a staircase to the Lair.
  7754 | D:10     | Found a runed translucent door.
  7863 | D:10     | Noticed a glowing orange brain
  7865 | D:10     | Noticed a sphinx
  7865 | D:10     | Noticed a skeletal warrior
  7865 | D:10     | Noticed a lich
  7866 | D:10     | Noticed a necromancer
  7867 | D:10     | Noticed Age's ghost (novice MiFi)
  7870 | D:10     | Found a runed translucent door.
  7984 | D:10     | Found an opulent altar of Gozag.
  8479 | D:10     | Found a shimmering blue altar of Sif Muna.
  8538 | D:10     | Found a shadowy altar of Dithmenos.
  8578 | D:10     | Found Kaerywk's Serpentskin Sales.
  8805 | D:10     | Found a shimmering altar of Xom.
  8824 | D:11     | Noticed Sonja
  8836 | D:11     | Killed Sonja
  8918 | D:11     | Noticed Grum
  8926 | D:11     | Killed Grum
  9079 | D:11     | Reached skill level 11 in Fighting
  9195 | D:11     | Reached XP level 12. HP: 71/80 MP: 19/19
  9197 | D:11     | Reached ***** piety under Qazlal
  9215 | D:11     | Reached skill level 10 in Maces & Flails
  9284 | D:11     | Reached skill level 10 in Invocations
  9513 | D:11     | Noticed Snorg
  9900 | D:11     | Noticed a tengu warrior
  9912 | D:11     | Killed a tengu warrior
 10190 | D:11     | Found a staircase to the Orcish Mines.
 10212 | D:11     | Noticed a centaur warrior
 10215 | D:11     | Noticed a centaur warrior
 10237 | D:11     | Killed a centaur warrior
 10238 | D:11     | Noticed a catoblepas
 10246 | D:11     | Noticed Josephine
 10253 | D:11     | Killed a catoblepas
 10255 | D:11     | Noticed a centaur warrior
 10270 | D:11     | Killed Josephine
 10276 | D:11     | Killed a centaur warrior
 10283 | D:11     | Killed a centaur warrior
 10356 | D:11     | Noticed a centaur warrior
 10366 | D:11     | Killed a centaur warrior
 10395 | D:11     | Reached skill level 12 in Fighting
 10884 | D:12     | Noticed a two-headed ogre
 10888 | D:12     | Killed a two-headed ogre
 10889 | D:12     | Reached XP level 13. HP: 86/86 MP: 21/21
 11359 | D:13     | Found a gate leading to a gauntlet.
 11373 | Gauntlet | Entered a Gauntlet
 11373 | Gauntlet | Found a transporter.
 11413 | Gauntlet | Found a transporter.
 11414 | Gauntlet | Found a transporter.
 11418 | Gauntlet | Found a transporter.
 11418 | Gauntlet | Found a runed translucent door.
 11418 | Gauntlet | Found a runed translucent door.
 11422 | Gauntlet | Found a transporter.
 11425 | Gauntlet | Found a transporter.
 11426 | Gauntlet | Found a transporter.
 11434 | Gauntlet | Found a transporter.
 11437 | Gauntlet | Found a transporter.
 11438 | Gauntlet | Found a transporter.
 11443 | Gauntlet | Noticed a great orb of eyes
 11447 | Gauntlet | Found a transporter.
 11449 | Gauntlet | Found a transporter.
 11450 | Gauntlet | Found a transporter.
 11459 | Gauntlet | Found a transporter.
 11713 | Gauntlet | Got the Compilation of the Endless Lives
 11748 | Gauntlet | Paralysed by a great orb of eyes for 2 turns
 11752 | Gauntlet | Killed a great orb of eyes
 11948 | Gauntlet | Identified the ring "Foskuph" {rN+ Str+3 Int+6 Dex+2
                  | Stlth-}
 11948 | Gauntlet | Noticed a minotaur
 11957 | Gauntlet | Killed a minotaur
 11958 | Gauntlet | Reached skill level 13 in Fighting
 11964 | Gauntlet | Got the Vellum of Peregrination and the Dragon
 12404 | Abyss:2  | Found a corrupted altar of Lugonu.
 12404 | Abyss:2  | Cast into level 2 of the Abyss (tengu warrior)
 12446 | Abyss:2  | Noticed a rakshasa
 12463 | Abyss:2  | Found a corrupted altar of Lugonu.
 12478 | Abyss:2  | Reached skill level 10 in Armour
 12498 | Abyss:2  | Found a corrupted altar of Lugonu.
 12573 | Abyss:2  | Noticed a tentacled starspawn
 12586 | Abyss:2  | Killed a tentacled starspawn
 12792 | Abyss:2  | Noticed a bone dragon
 12815 | Abyss:2  | Killed a bone dragon
 12816 | Abyss:2  | Reached skill level 10 in Shields
 13042 | Abyss:2  | Noticed a great orb of eyes
 13047 | Abyss:2  | Gained mutation: Your large and strong wings let you fly.
                  | [Gargoyle growth]
 13047 | Abyss:2  | Reached XP level 14. HP: 65/94 MP: 11/18
 13059 | Abyss:2  | Killed from afar by a smoke demon

Illustrated notes

Levels and vault maps discovered:
D:1:      psy_arrival_dodecagon, layout_basic, chequers_ecumenical_altar_lobes,
          serial_shops, nicolae_shop_real_fake_doors
D:2:      minmay_angry_zag, layout_loops_cross, minmay_pentomino_x4,
          uniq_crazy_yiuf_cottage, uniq_sigmund, uniq_terence
D:3:      layout_basic, general_overflow_altar, uniq_ijyb, uniq_pargi
D:4:      layout_basic, elyvilon_altar_3, overflow_temple_1_default,
          minmay_temple_entry_glassed_door
D:5:      layout_loops_ring, serial_shops, kennysheep_little_box
D:6:      kennysheep_steamy, layout_basic, mainiacjoe_overflow_alcove_1,
          mainiacjoe_overflow_surrounded_room, nicolae_ru_awakened_eye,
          zin_treasury, old_standard_altar, lemuel_tele_altar,
          nicolae_nh_oracle_at_delphi, uniq_maggie
D:7:      layout_rooms, lightli_church_of_beogh
D:8:      minmay_ornate_pinched, layout_gridville,
          hellmonk_okawaru_the_only_friend_you_need, serial_shops,
          nicolae_shop_bloodbath_and_beyond
D:9:      layout_cave_pools, nicolae_uskayaw_en_pointe
D:10:     layout_rooms, kennysheep_orc_sif_temple,
          nicolae_overflow_hidden_temple, old_standard_altar, lair_entry_dummy,
          muffindrake_ghost_dual_entry, wad_floor_pattern_1, grunt_ministairs_5,
          guppyfry_shop_venom
D:11:     layout_basic, orc_0_dummy, special_room [special_room_orc],
          chequers_serial_rivers_small_a, minivault_28, uniq_sonja,
          uniq_josephine, uniq_grum, uniq_snorg
D:12:     layout_small_grid
D:13:     layout_basic, hellmonk_vaults_keyhole, gauntlet_entry_generic
Temple:   hellmonk_temple_divided_pantheon
Abyss:2:  base: D:11, guppyfry_abyss_exit_imp_island

Skill      XL: |  1  2  3  4  5  6  7  8  9 10 11 12 13 |
---------------+----------------------------------------+-----
Fighting       | 4 5 7 8 9 11 12 13 | 13.5
Armour         | 4 5 6 7 8 9 10 | 10.3
Shields        | 4 5 6 7 8 9 10 | 10.0
Maces & Flails | 3 4 5 6 7 8 9 11 12 | 12.3
Invocations    | 1 3 4 6 8 9 11 12 | 12.6

Action                     |  1- 3 |  4- 6 |  7- 9 | 10-12 | 13-15 || total
---------------------------+-------+-------+-------+-------+-------++-------
  Melee: Flail             |    63 |       |       |       |       ||    63
         Mace              |    24 |   103 |   245 |   546 |   266 ||  1184
  Throw: Javelin           |       |       |     1 |    17 |       ||    18
 Invoke: Upheaval          |       |       |     5 |     2 |     5 ||    12
         Elemental Force   |       |       |       |       |     1 ||     1
  Evoke: Wand              |       |       |     7 |     2 |       ||     9
    Use: Potion            |       |     3 |     3 |     1 |     4 ||    11
         Scroll            |       |       |     8 |     6 |     6 ||    20
 Armour: Scale mail        |    61 |   100 |    71 |       |       ||   232
         Crystal plate arm |       |       |   114 |   567 |   259 ||   940
         Skin              |       |       |    15 |       |       ||    15
  Dodge: Dodged            |    41 |    62 |    76 |   108 |    45 ||   332
         Repelled          |       |       |       |     1 |       ||     1
  Block: Buckler           |    21 |    26 |   102 |   285 |       ||   434
         Kite shield       |       |       |       |   133 |   246 ||   379

Table legend: (Time is in decaauts)
 A = Elapsed time spent in this place.
 B = Non-inter-level travel time spent in this place.
 C = Inter-level travel time spent in this place.
 D = Time resting spent in this place.
 E = Time spent auto-exploring this place.
 F = Levels seen in this place.
 G = Mean time per level.
                   A        B        C        D        E       F      G
               +--------+--------+--------+--------+--------+-----+--------+
         Total |  13703 |  13170 |    533 |   1158 |   8693 |  16 |  856.4 |
       Dungeon |  12267 |  11751 |    516 |    692 |   8189 |  13 |  943.6 |
        Temple |     31 |     14 |     17 |      0 |      0 |   1 |   31.0 |
         Abyss |    683 |    683 |      0 |    297 |    186 |   1 |  683.0 |
      Gauntlet |    721 |    721 |      0 |    168 |    318 |   1 |  721.0 |
               +--------+--------+--------+--------+--------+-----+--------+

Top non-repeatable levels by time:
    D:11: 1948 daAuts
     D:8: 1378 daAuts
     D:5: 1158 daAuts
    D:10: 1157 daAuts
     D:2: 1121 daAuts
     D:3: 868 daAuts
     D:4: 806 daAuts
     D:6: 760 daAuts
Gauntlet: 721 daAuts
     D:1: 691 daAuts
 Abyss:2: 683 daAuts
    D:12: 681 daAuts
     D:7: 681 daAuts
     D:9: 594 daAuts
    D:13: 419 daAuts
